 Dungeon Crawl Stone Soup version 0.21-a0-225-g207ae17 (webtiles) character file.

119 Anemos the Vexing (level 4, -6/21 HPs)
             Began as a Spriggan Enchanter on Aug 30, 2017.
             Killed from afar by Ijyb (25 damage)
             ... with a wand of lightning (?/15)
             ... on level 3 of the Dungeon.
             The game lasted 00:12:45 (5979 turns).

Anemos the Vexing (Spriggan Enchanter)              Turns: 5979, Time: 00:12:46

Health: -6/21      AC:  2    Str:  4    XL:     4   Next: 73%
Magic:  6/11       EV: 18    Int: 17    God:
Gold:   77         SH:  0    Dex: 16    Spells: 3/12 levels left

rFire    . . .     SeeInvis +   a - +1 dagger
rCold    . . .     Gourm    .   (shield restricted)
rNeg     . . .     Faith    .   b - +0 robe
rPois    .         Spirit   .   (helmet restricted)
rElec    .         Reflect  .   (no cloak)
rCorr    +         Harm     .   (gloves unavailable)
MR       .....                  (boots unavailable)
Stlth    +++.......             (no amulet)
HPRegen  0.07/turn              (no ring)
MPRegen  0.12/turn              l - ring of resist corrosion

@: very quick
A: unfitting armour, see invisible, herbivore 3, speed 3, slow metabolism 2
a: no special abilities


You were on level 3 of the Dungeon.
You were not hungry.

You visited 1 branch of the dungeon, and saw 3 of its levels.

You collected 77 gold pieces.

Inventory:

Hand Weapons
 a - a +1 dagger (weapon)
Armour
 b - a +0 robe (worn)
 f - a +0 cloak
Jewellery
 l - a ring of resist corrosion (right hand)
Scrolls
 j - a scroll of remove curse
Potions
 e - a potion of degeneration {unknown}
 g - a potion of agility {unknown}
 h - a potion of heal wounds {unknown}
 i - 2 potions of lignification {unknown}
 m - a potion of curing
 o - a potion of brilliance {unknown}
Books
 c - a book of Maledictions

   Spells                             Type                      Level
   a - Corona                         Hexes                        1
   b - Ensorcelled Hibernation        Hexes/Ice                    2
   c - Confuse                        Hexes                        3
   d - Tukima's Dance                 Hexes                        3
   e - Dazzling Spray                 Conjuration/Hexes            3
Comestibles
 d - 4 bread rations
 k - 5 fruits
 n - 2 royal jellies


   Skills:
 - Level 1.1 Short Blades
 - Level 3.0 Dodging
 - Level 4.4 Stealth
 + Level 4.8 Spellcasting
 + Level 5.2 Hexes


You had 3 spell levels left.
You knew the following spells:

 Your Spells              Type           Power        Failure   Level  Hunger
a - Ensorcelled Hibernat  Hex/Ice        ##....       8%          2    #......
b - Corona                Hex            ###....      1%          1    None
c - Confuse               Hex            ###.....     4%          3    ###....
d - Tukima's Dance        Hex            ###.....     4%          3    ###....


Dungeon Overview and Level Annotations

Branches:
Dungeon (3/15)

Altars:
Makhleb
Qazlal

Annotations:
D:3 Ijyb


Innate Abilities, Weirdness & Mutations

You are very small and have problems with some larger weapons.
You are too small for most types of armour.
You have supernaturally acute eyesight. (SInv)
You are a herbivore.
You cover ground extremely quickly.
You need consume almost no food.


Message History

Ijyb screams, "Me be nice to you!
Me promise!"
You barely miss Ijyb.
Ijyb is moderately wounded.
You catch the helpless Ijyb completely off-guard!
You puncture Ijyb!
Ijyb is severely wounded.
You catch the helpless Ijyb completely off-guard!
You puncture Ijyb!
Ijyb is almost dead.
You closely miss Ijyb.
Ijyb is almost dead.
Ijyb clutches her head and gibbers rapidly, swaying.
You hit Ijyb but do no damage.
Ijyb is almost dead.
Ijyb misses you.
You hit Ijyb but do no damage.
Ijyb is almost dead.
Ijyb seems less confused.
Ijyb zaps a wand.
The bolt of lightning hits you!
Ouch! That really hurt!
You die...

...(..........#.# #.#
#.#..#
.......#.####.#.###.# #.#
#.............).....# ###
#...##.#.####.#.....##...
#...##.#.# ##........#.####
######.#.###...............
#.#.....#.......#.###
#.###...#.....<##.#
#.....#####@......#
#####...#..g#######
###.#.###### #..........
###########


You could see Ijyb.

Vanquished Creatures
  Robin (D:2)
  3 adders
  3 worms
  A dart slug (D:2)
  3 leopard geckos
  4 bats
  2 giant cockroaches
  19 goblins
  6 hobgoblins
  7 jackals
  2 quokkas
  A ball python (D:3)
  2 frilled lizards (D:2)
  4 kobolds
  6 rats (D:2)
64 creatures vanquished.

Notes
Turn   | Place    | Note
-------+----------+-------------------------------------------
     0 | D:1      | Anemos the Spriggan Enchanter began the quest for the Orb.
     0 | D:1      | Reached XP level 1. HP: 9/9 MP: 5/5
   624 | D:2      | Found a stormy altar of Qazlal.
   625 | D:2      | Found a burning altar of Makhleb.
  1348 | D:1      | Reached skill level 4 in Hexes
  1379 | D:1      | Reached XP level 2. HP: 13/13 MP: 5/7
  1383 | D:1      | Learned a level 2 spell: Ensorcelled Hibernation
  2547 | D:1      | Reached XP level 3. HP: 16/16 MP: 3/9
  2552 | D:1      | Learned a level 3 spell: Confuse
  2556 | D:1      | Learned a level 3 spell: Tukima's Dance
  3543 | D:3      | Noticed Ijyb
  4068 | D:2      | Noticed Robin
  4088 | D:2      | Killed Robin
  4088 | D:2      | Reached XP level 4. HP: 7/21 MP: 4/11
  4095 | D:2      | HP: 1/21 [goblin/club[Robin] (2)]
  4398 | D:2      | Reached skill level 5 in Hexes
  5979 | D:3      | Killed from afar by Ijyb

Vault maps used:
D:1:      minmay_arrival_shattered_statue
D:2:      gammafunk_temple_overflow_pools, uniq_robin
D:3:      first_bread, uniq_ijyb

Skill      XL: |  1  2  3  4 |
---------------+-------------+-----
Spellcasting   | 3 4 |  4.8
Hexes          | 4 5 |  5.2
Short Blades   | |  1.1
Dodging        | |  3.0
Stealth        | |  4.4

Action                   |  1- 3 |  4- 6 || total
-------------------------+-------+-------++-------
Melee: Dagger            |   150 |    86 ||   236
 Cast: Corona            |    11 |     7 ||    18
       Ensorcelled Hiber |    48 |    20 ||    68
       Confuse           |     2 |     4 ||     6
  Use: Scroll            |     6 |     1 ||     7
       Potion            |     2 |     1 ||     3
 Stab: Sleeping          |    24 |    13 ||    37
       Confused          |     2 |     2 ||     4
       Distracted        |     1 |     1 ||     2
       Invisible         |       |     2 ||     2
  Eat: Bread ration      |     1 |       ||     1
Armor: Robe              |     5 |     7 ||    12
Dodge: Dodged            |   117 |    55 ||   172

Table legend:
 A = Spawn XP
 B = Non-spawn XP
 C = Spawn XP percentage of total XP
 D = Spawn monster count
 E = Non-spawn monster count
 F = Spawn count percentage of total count
 G = Total turns spent on level
                    A         B        C        D         E        F      G
               +---------+---------+-------+---------+---------+-------+---------
         Total |      31 |     139 |  18.2 |      12 |      52 |  18.8 |  5979
               +---------+---------+-------+---------+---------+-------+---------
           D:1 |      22 |      13 |  62.9 |       6 |       7 |  46.2 |  2409
           D:2 |       9 |      79 |  10.2 |       6 |      33 |  15.4 |  2379
           D:3 |       0 |      47 |   0.0 |       0 |      12 |   0.0 |  1191
               +---------+---------+-------+---------+---------+-------+---------
